 Dungeon Crawl Stone Soup version 0.27-a0-1555-g0e7b3fb (webtiles) character file.

Game seed: 8341246263051192880

1805 Meow the Fighter (level 9, 16/83 HPs)
             Began as a Ghoul Fighter on July 14, 2021.
             Was a Believer of Okawaru.
             Quit the game on level 7 of the Dungeon.
             The game lasted 00:17:53 (5779 turns).

Meow the Fighter (Ghoul Fighter)                    Turns: 5779, Time: 00:17:53

Health: 16/83      AC: 12    Str: 22      XL:     9   Next: 9%
Magic:  8/8        EV:  7    Int:  1 (4)  God:    Okawaru [**....]
Gold:   348        SH:  9    Dex:  8      Spells: 8/8 levels left

rFire    . . .     SeeInvis .   a - +0 war axe
rCold    + . .     Faith    .   c - +0 kite shield
rNeg     + + +     Spirit   .   b - +0 scale mail
rPois    ∞         Reflect  .   (no helmet)
rElec    .         Harm     .   n - +0 cloak
rCorr    .         Rampage  .   f - +2 pair of gloves
Will     .....                  B - +0 pair of boots
Stlth    ..........             (no amulet)
HPRegen  0.23/turn              k - ring of wizardry
MPRegen  0.11/turn              r - ring of flight

@: flying
A: claws 1, cold resistance 1, negative energy resistance 3, inhibited
regeneration, torment resistance 2
a: Renounce Religion, Heroism


You were on level 7 of the Dungeon.
You worshipped Okawaru.
Okawaru was pleased with you.
You visited 1 branch of the dungeon, and saw 8 of its levels.

You collected 348 gold pieces.

Inventory:

Hand Weapons
 a - a +0 war axe (weapon)
Missiles
 p - 105 bolts
 u - 34 poisoned darts (quivered)
 A - 49 stones
 G - 19 arrows
Armour
 b - a +0 scale mail (worn)
 c - a +0 kite shield (worn)
 f - a +2 pair of gloves (worn)
 n - a +0 cloak (worn)
 w - a scarf of shadows
 B - a +0 pair of boots (worn)
Jewellery
 k - a ring of wizardry (left hand)
 r - a ring of flight (right hand)
Wands
 s - a wand of iceblast (21)
 C - a wand of acid (28)
 E - a wand of digging (7)
 F - a wand of flame (11)
Scrolls
 e - 2 scrolls of teleportation
 g - 2 scrolls of amnesia {unknown}
 h - a scroll of silence {unknown}
 m - a scroll of fear {unknown}
 t - 2 scrolls of enchant weapon {unknown}
 H - a scroll of fog {unknown}
Potions
 d - 2 potions of might
 i - a potion of attraction
 j - a potion of haste
 o - a potion of magic
 q - a potion of mutation
 v - a potion of degeneration
 x - a potion of berserk rage {unknown}
 z - a potion of flight
 D - a potion of lignification {unknown}


   Skills:
 * Level 9.2 Fighting
 * Level 7.3 Axes
 - Level 2.6 Armour
 + Level 3.8 Shields


You had 8 spell levels left.
You didn't know any spells.
Your spell library contained the following spells:

 Spells                   Type           Power      Damage    Failure   Level
 Blink                    Tloc           N/A        N/A       99%         2
 Lesser Beckoning         Tloc           0%         N/A       100%        3
 Iskenderun's Battlesphe  Conj           0%         2d6       100%        5
 Manifold Assault         Tloc           0%         N/A       100%        5
 Iron Shot                Conj/Erth      0%         9d1       100%        6
 Spellforged Servitor     Conj/Summ      0%         N/A       100%        7


Dungeon Overview and Level Annotations

Branches:
Dungeon (8/15)
 Temple: D:4-7         Lair: D:8-11

Altars:
Okawaru
Qazlal
Uskayaw
Yredelemnul

Shops:
D:3 [

Annotations:
D:3 Grinder
D:5 2 runed translucent doors, anarkitty's ghost, novice MiFi
D:6 1 runed translucent door, Eustachio; vykuza's ghost, novice HOFi
D:7 Harold
D:8 Maggie


Innate Abilities, Weirdness & Mutations

You thrive by killing the living.
You are immune to poison.
You have sharp fingernails.
Your flesh is cold resistant. (rC+)
You are immune to negative energy. (rN+++)
You do not regenerate when monsters are visible.
You are immune to unholy pain and torment.


Message History

The wyvern bites you!
* * * LOW HITPOINT WARNING * * *
The wyvern bites you but does no damage.
You feel better. The wyvern bites you!
* * * LOW HITPOINT WARNING * * *
Unknown command.
You slash the wyvern!
You kill the wyvern!
Okawaru is honoured by your kill.
The centaur shoots an arrow.
You block the arrow.
You feel your dexterity returning.
Your Fighting skill increases to level 9!
You have reached level 9!
Your experience leads to an increase in your attributes!
Your base attributes are Str 21, Int 4, Dex 8.
Increase (S)trength, (I)ntelligence, or (D)exterity?
You feel stronger.
You slash the centaur!
The centaur is moderately wounded.
The centaur unwields a +0 shortbow of flaming.
It stops flaming.
The centaur hits you.
* * * LOW HITPOINT WARNING * * *
The centaur closely misses you. You block the centaur's attack. x2
You hit the centaur but do no damage.
The centaur is moderately wounded.
The centaur hits you but does no damage.
The centaur kicks you but does no damage.
You block the centaur's attack.
The centaur kicks you but does no damage.
Unknown command.
You slash the centaur!
You kill the centaur!
Okawaru accepts your kill.
You feel better.
You feel your strength returning.
Unknown command.
Things that are here:
a +0 shortbow of flaming; 22 arrows; a wyvern corpse Unknown command.
Are you sure you want to abandon this character and quit the game? (Confirm with "yes".)

#.........>.##......#.# #
#..........###......#.# #
#.....####.# #..<...#.# #
#.....####.# ####.#.#.# #
#.@...##.... .# #†#.#.# #
###.#...##.#.##.# #.#.#.###
#...#..###.#..#.# #.#......
#.####.....#..#.# #.##[....
#.#.......@##.#.# #.##.....
#.#...#..>.)....###.##.....
#.#.###.#####.......##.....
#.#.#......##.....####.....
#.# #.#.#.###.###.#........
#. #.#.#.###.###.#........
#.#...##......#........
#.######......#...##.>.
#.............#...##...


There were no monsters in sight!

Vanquished Creatures
  Prince Ribbit (D:7)
  A wyvern (D:7)
  An ice beast (D:5)
  A sky beast (D:8)
  2 black bears (D:6)
  An orc warrior (D:8)
  A necrophage (D:7)
  A centaur (D:7)
  2 scorpions
  A water moccasin zombie (D:5)
  A centaur zombie (D:6)
  2 hounds
  An orc priest (D:5)
  2 bullfrog zombies
  A centaur skeleton (D:6)
  Ijyb (D:4)
  A gnoll shaman (D:4)
  An orc wizard (D:5)
  An iguana (D:5)
  2 hound skeletons (D:5)
  A howler monkey skeleton (D:5)
  6 adders
  15 gnolls
  2 white imps
  A worm (D:3)
  3 dart slugs
  9 orcs
  10 bats
  6 endoplasms
  2 giant cockroaches (D:3)
  4 goblins
  7 hobgoblins
  8 jackals
  4 quokkas
  4 ball pythons
  3 frilled lizards
  7 kobolds
  9 rats
  A spectral orc (D:5)
127 creatures vanquished.

Vanquished Creatures (others)
  8 plants (D:7)
8 creatures vanquished.

Grand Total: 135 creatures vanquished

Notes
Turn   | Place    | Note
-------+----------+-------------------------------------------
     0 | D:1      | Meow the Ghoul Fighter began the quest for the Orb.
     0 | D:1      | Reached XP level 1. HP: 19/19 MP: 0/0
   221 | D:2      | Reached XP level 2. HP: 26/26 MP: 1/1
   355 | D:2      | Reached XP level 3. HP: 33/33 MP: 2/2
   364 | D:2      | Reached skill level 4 in Fighting
   590 | D:2      | Reached XP level 4. HP: 38/41 MP: 3/3
  1045 | D:3      | Found Ycipp's Antique Armour Shoppe.
  1174 | D:3      | Noticed Grinder
  1174 | D:3      | Paralysed by Grinder for 7 turns
  1194 | D:3      | Paralysed by Grinder for 3 turns
  1663 | D:3      | Reached XP level 5. HP: 42/47 MP: 4/4
  1776 | D:4      | Noticed Ijyb
  1852 | D:4      | Killed Ijyb
  1853 | D:4      | Reached skill level 5 in Fighting
  1877 | D:4      | Reached XP level 6. HP: 33/56 MP: 5/5
  2023 | D:4      | Found an iron altar of Okawaru.
  2068 | D:4      | Became a worshipper of Warmaster Okawaru
  2673 | D:5      | Entered Level 5 of the Dungeon
  2946 | D:5      | Reached skill level 6 in Fighting
  3188 | D:5      | Noticed an ice beast
  3208 | D:5      | Killed an ice beast
  3209 | D:5      | Reached XP level 7. HP: 27/64 MP: 6/6
  3235 | D:4      | Reached skill level 5 in Axes
  3740 | D:5      | Reached * piety under Okawaru
  3748 | D:5      | Reached skill level 7 in Fighting
  4026 | D:5      | Found a stormy altar of Qazlal.
  4117 | D:5      | Found a runed translucent door.
  4122 | D:5      | Noticed anarkitty's ghost (novice MiFi)
  4190 | D:5      | Found a runed translucent door.
  4334 | D:5      | Found a basalt altar of Yredelemnul.
  4426 | D:6      | Reached XP level 8. HP: 57/73 MP: 7/7
  4568 | D:6      | Noticed Eustachio
  4633 | D:6      | Found a runed translucent door.
  4636 | D:6      | Noticed vykuza's ghost (novice HOFi)
  4660 | D:6      | Reached skill level 8 in Fighting
  5418 | D:7      | Found a hide-covered altar of Uskayaw.
  5613 | D:7      | Noticed Prince Ribbit
  5619 | D:7      | Killed Prince Ribbit
  5621 | D:7      | Noticed Harold
  5727 | D:8      | Reached ** piety under Okawaru
  5752 | D:8      | Noticed a wyvern
  5755 | D:8      | Noticed Maggie
  5757 | D:8      | Noticed a kobold demonologist
  5773 | D:7      | Killed a wyvern
  5774 | D:7      | Reached skill level 9 in Fighting
  5774 | D:7      | Reached XP level 9. HP: 12/83 MP: 8/8
  5779 | D:7      | Quit the game

Illustrated notes

Levels and vault maps discovered:
D:1:      heliophobic_arrival_glass_houses, layout_rooms
D:2:      layout_basic
D:3:      layout_basic, serial_shops, shop, uniq_grinder
D:4:      layout_loops_cross, okawaru_trees_2, mainiacjoe_overflow_alcove_1,
          minmay_temple_entry_stoned_glass, chequers_serial_rivers_small_b,
          uniq_robin, uniq_ijyb
D:5:      layout_loops_ring, nicolae_overflow_crystal_walls,
          yredelemnul_forgotten_temple_becter, ebering_ghost_sewer_f
D:6:      layout_loops_ring, nzn_wu_jian_contemplation,
          ebering_ghost_reflecting_pool, uniq_eustachio
D:7:      layout_basic, eat_drink_and_be_merry_uskayaw, interstate_on_off,
          hellmonk_guarded_unrand_vines, uniq_prince_ribbit1, uniq_harold
D:8:      layout_cave_pools, erik_lair_dragon, st_stairs_9, uniq_maggie

Skill      XL: |  1  2  3  4  5  6  7  8 |
---------------+-------------------------+-----
Axes           | 2 3 4 5 7 |  7.3
Fighting       | 4 5 6 7 9 |  9.2
Shields        | 3 |  3.8
Armour         | |  2.6

Action                   |  1- 3 |  4- 6 |  7- 9 || total
-------------------------+-------+-------+-------++-------
Melee: War axe           |    85 |   242 |   214 ||   541
Throw: Dart              |       |     1 |     2 ||     3
Evoke: Wand              |       |       |     6 ||     6
  Use: Scroll            |       |       |     5 ||     5
       Potion            |       |       |     4 ||     4
Armor: Scale mail        |    54 |   145 |   179 ||   378
Dodge: Dodged            |    24 |    93 |    99 ||   216
Block: Kite shield       |    44 |   133 |   139 ||   316

Table legend: (Time is in decaauts)
 A = Elapsed time spent in this place.
 B = Non-inter-level travel time spent in this place.
 C = Inter-level travel time spent in this place.
 D = Time resting spent in this place.
 E = Time spent auto-exploring this place.
 F = Levels seen in this place.
 G = Mean time per level.
                   A        B        C        D        E       F      G
               +--------+--------+--------+--------+--------+-----+--------+
         Total |   6078 |   5761 |    317 |   1522 |   2437 |   8 |  759.8 |
       Dungeon |   6078 |   5761 |    317 |   1522 |   2437 |   8 |  759.8 |
               +--------+--------+--------+--------+--------+-----+--------+

Top non-repeatable levels by time:
     D:5: 1298 daAuts
     D:4: 1186 daAuts
     D:3: 912 daAuts
     D:2: 897 daAuts
     D:6: 818 daAuts
     D:1: 495 daAuts
     D:7: 327 daAuts
     D:8: 141 daAuts
